Map: Goldenaura LE

Players

ska

  • Race: Terran Terran
  • League: Diamond
  • Spawn Location: 12:00

SubN - Winner!

  • Race: Zerg Zerg
  • League: Diamond
  • Spawn Location: 5:00

VOD

Have the link to the VOD?

Description

Time

  • Played on: Dec. 20, 2023, 11:57 p.m.
  • Length: 17:21
Show
View Real Time Build Order
Export as new Build Order

ska Terran 

Build Orders: Mech 

Get SALT Encoding   

  12  0:05  SCV  
  13  0:20  Supply Depot  
  13  0:23  SCV  
  14  0:35  SCV  
  15  0:45  Barracks  
  15  0:47  SCV  
  16  0:59  SCV  
  17  1:11  SCV  
  18  1:23  SCV  
  18  1:24  Refinery  
  19  1:31  Marine  
  20  1:36  Command Center  
  20  1:50  Bunker  
  20  2:26  Command Center  
  20  2:38  Orbital Command  
  20  2:39  Refinery  
  20  2:41  Factory  
  20  2:58  Orbital Command  
  20  3:11  SCV  
  21  3:24  SCV  
  21  3:25  Factory Tech Lab  
  22  3:28  SCV  
  23  3:37  SCV  
  23  3:38  Starport  
  23  3:40  SCV  
  28  3:48  Siege Tank  
  28  3:49  SCV  
  28  3:54  Orbital Command  
  29  4:01  SCV  
  30  4:04  SCV  
  31  4:13  SCV  
  31  4:15  Refinery x2, Starport Reactor  
  31  4:16  SCV  
  33  4:21  SCV  
  33  4:22  Supply Depot  
  34  4:25  Siege Tank  
  34  4:26  SCV  
  34  4:28  SCV  
  39  4:33  SCV  
  39  4:38  SCV  
  41  4:47  Supply Depot, SCV  
  41  4:52  SCV  
  43  4:53  Viking x2, Engineering Bay  
  47  5:09  SCV x3  
  47  5:12  Siege Tank  
  53  5:18  Supply Depot  
  53  5:21  SCV  
  54  5:23  Viking x2, Armory  
  58  5:29  Missile Turret  
  58  5:40  Supply Depot  
  58  5:45  SCV x3  
  61  5:53  Liberator x2  
  67  5:57  Factory, SCV  
  70  6:04  Hellion  
  70  6:10  Supply Depot  
  70  6:13  Terran Vehicle Weapons Level 1  
  70  6:25  Cyclone  
  72  6:50  Supply Depot  
  72  6:52  Factory Tech Lab  
  72  6:53  Factory  
  72  6:56  Liberator x2  
  78  7:04  Factory  
  78  7:10  SCV  
  78  7:13  Sensor Tower  
  73  7:36  Factory Tech Lab  
  65  8:03  Factory Tech Lab  
  65  8:06  Hellion, Siege Tank  
  65  8:07  Hellion  
  65  8:09  Supply Depot, Terran Vehicle Weapons Level 2  
  65  8:10  Liberator x2  
  78  8:13  SCV x2  
  80  8:21  Thor, Command Center  
  80  8:25  Command Center  
  86  8:28  Cyclone, Hellion  
  86  8:33  Supply Depot  
  90  8:38  Cyclone  
  92  8:49  Hellion  
  94  9:00  Cyclone, Orbital Command  
  96  9:05  Cyclone  
  98  9:10  Thor, Hellion  
  106  9:32  Hellion x2  
  106  9:36  Refinery  
  106  9:37  Hellion  
  112  9:40  Refinery  
  112  9:44  SCV  
  113  9:53  Hellion, Siege Tank  
  113  9:56  Sensor Tower  
  113  9:58  Missile Turret  
  113  9:59  Orbital Command  
  118  10:01  Missile Turret  
  98  10:29  SCV x4  
  102  10:41  SCV x3  
  106  10:43  Planetary Fortress  
  105  10:53  SCV x2  
  107  10:57  Liberator x2  
  107  11:03  Missile Turret  
  113  11:05  SCV  
  114  11:15  SCV  
  114  11:16  SCV  
  114  11:17  Thor, SCV  
  114  11:18  Refinery, Siege Tank  
  126  11:20  Refinery  
  126  11:22  Terran Vehicle Weapons Level 3  
  126  11:23  Supply Depot  
  126  11:24  Supply Depot  
  126  11:27  SCV  
  127  11:38  Missile Turret  
  127  11:39  Sensor Tower  
  127  11:40  Viking, Liberator, Refinery  
  127  11:42  SCV  
  127  11:45  Planetary Fortress  
  133  11:48  SCV  
  133  11:50  Marine  
  133  11:54  SCV  
  120  11:56  Thor  
  120  11:57  Hellion, Siege Tank  
  120  12:01  Thor  
  133  12:06  SCV  
  134  12:10  Viking  
  134  12:12  Refinery  
  136  12:18  SCV  
  136  12:19  Hellion  
  139  12:29  Hellion  
  141  12:30  SCV  
  142  12:39  Cyclone  
  136  13:08  Viking  
  138  13:13  Hellion  
  138  13:14  Widow Mine  
  138  13:15  Hellion  
  144  13:20  Command Center  
  134  13:39  Marine  
  118  13:44  Widow Mine x2  
  110  13:48  Widow Mine  
  77  13:57  Marine  
  68  14:10  Hellion  
  68  14:11  Hellion x2, Widow Mine  
  68  14:14  Orbital Command, Marine  
  59  14:17  SCV  
  59  14:18  SCV x2  
  62  14:29  Liberator  
  62  14:30  SCV x3  
  68  14:31  Hellion  
  68  14:32  Hellion x2  
  68  14:33  Hellion  
  67  14:45  Drilling Claws  
  62  14:47  Infernal Pre-Igniter  
  62  14:52  SCV x3  
  61  14:58  Hellion  
  61  15:00  Orbital Command  
  60  15:17  Liberator  
  63  15:40  Hellion x2  
  63  15:41  Hellion  
  52  16:06  Widow Mine x2  
  52  16:08  Widow Mine x2  
  50  16:27  Widow Mine  
  46  16:37  Viking x2  
Show
View Real Time Build Order
Export as new Build Order

SubN Zerg - Winner!

Build Orders: Hatch First, Swarm Host 

Get SALT Encoding   

  12  0:00  Drone  
  13  0:12  Overlord  
  13  0:17  Drone  
  14  0:30  Drone x2  
  16  0:49  Hatchery  
  15  0:52  Drone  
  15  0:55  Drone  
  17  0:59  Drone  
  17  1:03  Extractor  
  17  1:16  Spawning Pool  
  16  1:19  Drone  
  16  1:24  Drone  
  18  1:30  Drone  
  19  1:44  Drone  
  20  1:50  Overlord  
  20  2:03  Queen x2  
  20  2:06  Drone x2  
  26  2:20  Drone x2  
  28  2:24  Drone x2  
  28  2:29  Metabolic Boost  
  30  2:44  Hatchery  
  29  2:50  Queen  
  31  2:53  Overlord  
  31  2:59  Overlord  
  31  3:03  Overlord  
  31  3:10  Lair  
  31  3:17  Drone x2  
  33  3:20  Drone x2  
  33  3:23  Drone  
  36  3:30  Overlord  
  36  3:33  Drone x2  
  38  3:38  Queen  
  40  3:45  Drone x3  
  43  4:01  Queen  
  45  4:06  Drone x8  
  53  4:10  Extractor  
  53  4:11  Extractor  
  53  4:14  Baneling Nest  
  50  4:19  Evolution Chamber  
  50  4:22  Evolution Chamber  
  50  4:23  Queen  
  50  4:32  Drone x4  
  50  4:36  Extractor  
  50  4:37  Drone x4  
  57  4:41  Queen  
  59  4:56  Zerg Ground Armor Level 1  
  59  4:59  Zerg Melee Weapons Level 1  
  59  5:12  Drone x7  
  66  5:16  Extractor  
  66  5:19  Overlord x3  
  66  5:20  Overlord, Hydralisk Den  
  64  5:24  Drone x2  
  66  5:31  Overlord x2  
  66  5:39  Drone x3  
  66  5:40  Drone x2  
  66  5:42  Drone  
  72  5:43  Drone x2  
  72  5:44  Drone x3  
  72  5:46  Centrifugal Hooks  
  77  5:58  Muscular Augments  
  77  5:59  Overlord x3  
  77  6:00  Overseer  
  77  6:03  Overlord  
  77  6:07  Overlord  
  77  6:11  Hydralisk x4  
  85  6:23  Hydralisk x3  
  85  6:24  Hydralisk x2  
  95  6:36  Hydralisk x3  
  101  6:44  Overlord x4  
  101  6:55  Drone x4  
  101  6:59  Overlord, Extractor  
  101  7:00  Overlord  
  104  7:02  Overseer, Grooved Spines  
  104  7:04  Overseer  
  104  7:07  Overseer  
  104  7:11  Hydralisk x6  
  116  7:20  Drone  
  117  7:25  Zergling x2  
  117  7:26  Zergling x16, Spore Crawler  
  125  7:30  Zerg Missile Weapons Level 1  
  125  7:31  Zerg Ground Armor Level 2  
  125  7:49  Drone  
  126  8:00  Drone  
  126  8:01  Drone x2  
  129  8:12  Infestation Pit  
  128  8:20  Overlord  
  128  8:21  Overlord x4  
  128  8:22  Hatchery  
  128  8:25  Baneling  
  128  8:26  Baneling x14  
  127  8:27  Overlord x2  
  127  8:34  Drone x11, Extractor x2  
  134  8:51  Hive, Spire  
  134  8:54  Drone  
  134  8:55  Drone x3  
  137  8:58  Drone x2  
  137  8:59  Drone x2  
  137  9:00  Drone x4  
  146  9:02  Drone  
  146  9:13  Overlord  
  146  9:14  Overlord  
  145  9:35  Zergling x2  
  145  9:37  Zergling x4, Hatchery  
  147  9:39  Zergling x8  
  147  9:40  Zergling x8  
  147  9:41  Zergling x4  
  157  9:46  Zerg Melee Weapons Level 2, Queen  
  150  10:17  Viper x4  
  150  10:18  Viper  
  159  10:21  Overseer  
  159  10:26  Corruptor  
  159  10:27  Corruptor x5  
  167  10:34  Swarm Host x4  
  167  10:35  Swarm Host x3  
  179  10:41  Swarm Host x2  
  194  10:49  Greater Spire  
  194  11:03  Zergling x2  
  194  11:04  Zergling x8  
  181  12:01  Hydralisk  
  181  12:02  Hydralisk x7  
  181  12:08  Overseer x2  
  185  12:13  Queen  
  187  12:15  Zergling x2  
  187  12:16  Zergling x2  
  187  12:17  Overlord x2  
  189  12:28  Extractor  
  188  12:32  Extractor  
  188  12:34  Overlord x2  
  188  12:35  Overlord  
  188  12:36  Viper  
  187  12:37  Viper x3  
  188  13:07  Zergling x22  
  181  13:25  Zergling x28  
  181  13:26  Zergling x18  
  173  13:42  Zergling x24  
  173  13:43  Zergling x6  
  145  13:55  Zergling x2  
  145  13:56  Zergling x12  
  141  14:12  Zergling x2  
  141  14:13  Zergling x12  
  137  14:28  Hydralisk x2  
  137  14:29  Hydralisk x5  
  151  14:34  Zerg Melee Weapons Level 3  
  142  14:50  Zergling x22  
  153  15:05  Zerg Flyer Weapons Level 1  
  153  15:09  Brood Lord x5  
  153  15:11  Corruptor x4  
  153  15:13  Zergling x2  
  153  15:14  Zergling x20  
  182  15:18  Viper x3  
  182  15:19  Viper  
  181  15:48  Hydralisk x2  
  181  15:49  Hydralisk x10  
  194  16:01  Drone x3  
  197  16:11  Zergling x4  
  198  16:13  Hatchery  
  173  16:41  Drone x12  
  173  16:42  Drone x8  
  194  17:00  Drone x5  
Tags
 
Composition
MechSwarm Host
Matchup
TvZ
Replay Pack
2025 replay dump
Spawn Locations
Cross Positions
Add a new tag
Caveats
  • Supply blocks, unpowered buildings, or Contaminate may cause inaccurate times.
  • Supply counts are checked every 10 seconds.